 Dungeon Crawl Stone Soup version 0.24.0-13-gcf9b3192b9 (webtiles) character file.

Game seed: 5652902218944621857, levelgen mode: classic

172 EnegeticOcto the Digger (level 5, -7/28 HPs)
             Began as a Vine Stalker Earth Elementalist on Nov 9, 2019.
             Mangled by a gnoll
             ... wielding a +1 spear of freezing
              (10 damage)
             ... on level 4 of the Dungeon.
             The game lasted 00:04:32 (604 turns).

EnegeticOcto the Digger (VSEE)                       Turns: 604, Time: 00:04:33

Health: -7/28      AC:  3    Str:  9 (11) XL:     5   Next: 52%
Magic:  0/9        EV: 12    Int: 13 (16) God:
Gold:   34         SH:  0    Dex: 12 (14) Spells: 2/8 levels left

rFire    . . .     SeeInvis .   n - +1 dagger (elec)
rCold    . . .     Gourm    .   (no shield)
rNeg     . . .     Faith    .   c - +0 robe
rPois    .         Spirit   +   (no helmet)
rElec    .         Reflect  .   f - +0 cloak
rCorr    .         Harm     .   (no gloves)
MR       .....                  (no boots)
Stlth    ++........             (no amulet)
HPRegen  0.49/turn              (no ring)
MPRegen  0.11/turn              (no ring)

@: very slightly contaminated
A: fangs 2, regeneration 1, magic shield, antimagic bite, no potion heal 3, rot
immunity
a: no special abilities


You were on level 4 of the Dungeon.
You were not hungry.

You visited 1 branch of the dungeon, and saw 4 of its levels.

You collected 34 gold pieces.

Inventory:

Hand Weapons
 n - a +1 dagger of electrocution (weapon)
Missiles
 b - 8 stones (quivered)
 h - 13 arrows
Armour
 c - a +0 robe (worn)
 f - a +0 cloak (worn)
Scrolls
 j - a scroll of remove curse {@r2}
Potions
 a - a potion of curing {@q1}
 d - a potion of invisibility {unknown}
 i - a potion of haste {unknown}
 l - a potion of lignification {unknown}
Comestibles
 e - 2 rations


   Skills:
 + Level 2.9 Fighting
 + Level 1.8 Dodging
 + Level 2.8 Stealth
 - Level 3.0 Unarmed Combat
 - Level 2.1 Spellcasting
 - Level 1.0 Transmutations
 + Level 3.2 Earth Magic


You had 2 spell levels left.
You knew the following spells:

 Your Spells              Type           Power        Failure   Level  Hunger
a - Sandblast             Erth           #.....       7%          1    ##.....
b - Stone Arrow           Conj/Erth      #.....       36%         3    ####...
p - Passwall              Tmut/Erth      #.......     16%         2    ###....

Your spell library contained the following spells:

 Spells                   Type           Power        Failure   Level  Hunger
 Petrify                  Tmut/Erth      #.......     71%         4    #####..
 Lee's Rapid Deconstruct  Erth           #.........   88%         5    ######.


Dungeon Overview and Level Annotations

Branches:
Dungeon (4/15)
 Temple: D:4-7

Altars:

Shops:
D:4 [


Innate Abilities, Weirdness & Mutations

You have extremely sharp teeth.
Your natural rate of healing is unusually fast.
When hurt, damage is shared between your health and your magic reserves.
Your bite disrupts and absorbs the magic of your enemies.
Potions cannot restore your health.
You are immune to rotting.


Message History

The dart slug completely misses you.
You hit the dart slug.
Lightning courses through the dart slug!
You kill the dart slug!
The gnoll shouts!
A jackal comes into view.
The gnoll throws a throwing net.
The throwing net barely misses you.
Casting: Sandblast (safe; 5% risk of failure)
Confirm with . or Enter, or press ? or * to list all spells.
You can't see any susceptible monsters within range! (Use Z to cast anyway.)
A gnoll comes into view. It is wielding a +0 spear.
Casting: Sandblast (safe; 5% risk of failure)
Confirm with . or Enter, or press ? or * to list all spells.
Aiming: Sandblast (safe; 5% risk of failure)
Press: ? - help, Shift-Dir - straight line, f - jackal
Aim: a jackal (hasn't noticed you)
Okay, then.
Casting: Sandblast (safe; 5% risk of failure)
Confirm with . or Enter, or press ? or * to list all spells.
Aiming: Sandblast (safe; 5% risk of failure)
Press: ? - help, Shift-Dir - straight line, f - gnoll
Aim: a gnoll, wielding a +0 spear (hasn't noticed you)
You miscast Sandblast.
You are very lightly contaminated with residual magic.
Nothing appears to happen.
The gnoll shouts!
You hear a bark! x2
Casting: Sandblast (safe; 5% risk of failure)
Confirm with . or Enter, or press ? or * to list all spells.
Aiming: Sandblast (safe; 5% risk of failure)
Press: ? - help, Shift-Dir - straight line, f/p - gnoll
Aim: a gnoll, wielding a +0 spear The blast of sand hits the gnoll.
The gnoll is lightly wounded.
b - 11 stones The gnoll barely misses you.
Casting: Sandblast (safe; 5% risk of failure)
Confirm with . or Enter, or press ? or * to list all spells.
Aiming: Sandblast (safe; 5% risk of failure)
Press: ? - help, Shift-Dir - straight line, f/p - gnoll
Aim: a gnoll, wielding a +0 spear (lightly wounded)
The blast of sand hits the gnoll!
The gnoll is severely wounded.
b - 10 stones The gnoll hits you but does no damage.
A jackal comes into view.
Casting: Sandblast (safe; 5% risk of failure)
Confirm with . or Enter, or press ? or * to list all spells.
Aiming: Sandblast (safe; 5% risk of failure)
Press: ? - help, Shift-Dir - straight line, f/p - gnoll
Aim: a gnoll, wielding a +0 spear (severely wounded)
The blast of sand hits the gnoll.
The gnoll is severely wounded.
b - 9 stones The gnoll misses you.
The jackal moves out of view.
Casting: Sandblast (safe; 5% risk of failure)
Confirm with . or Enter, or press ? or * to list all spells.
Aiming: Sandblast (safe; 5% risk of failure)
Press: ? - help, Shift-Dir - straight line, f/p - gnoll
Aim: a gnoll, wielding a +0 spear (severely wounded)
You miscast Sandblast.
Nothing appears to happen.
The gnoll closely misses you.
Casting: Sandblast (safe; 5% risk of failure)
Confirm with . or Enter, or press ? or * to list all spells.
Aiming: Sandblast (safe; 5% risk of failure)
Press: ? - help, Shift-Dir - straight line, f/p - gnoll
Aim: a gnoll, wielding a +0 spear (severely wounded)
The blast of sand hits the gnoll!
You kill the gnoll!
b - 8 stones
Press: ? - help, v - describe, . - travel
Here: a gnoll, wielding a +1 spear of freezing The floor.
You hit the gnoll.
The gnoll is moderately wounded.
You hit the gnoll. Your bite misses the gnoll.
The gnoll is lightly wounded.
The gnoll hits you with a +1 spear of freezing!
The gnoll freezes you. The gnoll barely misses you.
You barely miss the gnoll.
The gnoll is moderately wounded.
The gnoll completely misses you. The gnoll hits you with a +0 club.
You closely miss the gnoll. Your bite misses the gnoll.
The gnoll is moderately wounded.
The gnoll hits you with a +1 spear of freezing.
The gnoll freezes you.
* * * LOW HITPOINT WARNING * * *
The gnoll hits you with a +0 club.
* * * LOW HITPOINT WARNING * * *
Casting: Sandblast (safe; 5% risk of failure)
Confirm with . or Enter, or press ? or * to list all spells.
You don't have enough magic to cast that spell.
It was a potion of curing.
That felt strangely inert.
The gnoll barely misses you. The gnoll hits you with a +0 club.
* * * LOW HITPOINT WARNING * * *
You have no ailments to cure.
Unknown command.
It was a potion of degeneration.
There was something very wrong with that liquid.
You feel weakened.
You feel dopey.
You feel clumsy.
The gnoll hits you with a +1 spear of freezing!
You die...

# #. .#
#.##.##.###
#.#....>..#
#........$#
#.......#
#.......#
#.......#
#.......#
#...g@..#
####g####
##hh#####
#...gg..#
#(∩.##h.#
#...# .#
#.†^..h.#
#..##h.?g..
#..# #g.#.#


You could see 2 gnolls and a jackal.

Vanquished Creatures
  A bullfrog (D:3)
  A hound (D:3)
  A gnoll (D:4)
  An adder (D:2)
  3 worms
  4 dart slugs
  6 orcs (D:3)
  2 ball pythons
  3 giant cockroaches
  3 goblins (D:1)
  2 hobgoblins (D:1)
  4 jackals (D:4)
  3 bats
  A frilled lizard (D:1)
  4 kobolds
  A rat (D:1)
40 creatures vanquished.

Notes
Turn   | Place    | Note
-------+----------+-------------------------------------------
     0 | D:1      | EnegeticOcto the Vine Stalker Earth Elementalist began the
                  | quest for the Orb.
     0 | D:1      | Reached XP level 1. HP: 9/9 MP: 4/4
    91 | D:1      | Reached skill level 1 in Unarmed Combat
    91 | D:1      | Reached XP level 2. HP: 8/14 MP: 6/6
    93 | D:1      | Reached skill level 1 in Fighting
   218 | D:2      | Reached XP level 3. HP: 10/18 MP: 1/7
   227 | D:2      | Learned a level 2 spell: Passwall
   231 | D:2      | Learned a level 3 spell: Stone Arrow
   386 | D:3      | Noticed a bullfrog
   392 | D:3      | Killed a bullfrog
   392 | D:3      | Gained mutation: Your natural rate of healing is unusually
                  | fast. [Vine Stalker growth]
   392 | D:3      | Reached XP level 4. HP: 7/23 MP: 1/8
   503 | D:3      | Reached XP level 5. HP: 27/27 MP: 4/9
   574 | D:4      | Found Juh Ynan's Antique Armour Emporium.
   604 | D:4      | Mangled by a gnoll

Levels and vault maps discovered:
D:1:      lightli_arrival_statue_moat, layout_rooms, minmay_strange_pillars,
          minmay_statues_item
D:2:      layout_loops_ring, minmay_octomino_j4, uniq_jessica
D:3:      layout_basic, nicolae_overflow_hidden_temple,
          yredelemnul_altar_generic, first_ration
D:4:      layout_loops_cross, lemuel_coloured_pillars_altar, serial_shops, shop,
          saegor_snake_ambush

Skill      XL: |  1  2  3  4 |
---------------+-------------+-----
Unarmed Combat | 1 2 3 |  3.0
Fighting       | 1 2 |  2.9
Dodging        | |  1.8
Stealth        | |  2.8
Spellcasting   | |  2.1
Transmutations | |  1.0
Earth Magic    | |  3.2

Action                   |  1- 3 |  4- 6 || total
-------------------------+-------+-------++-------
Melee: Unarmed           |    33 |    26 ||    59
       Bite              |    10 |    10 ||    20
       Dagger            |       |    23 ||    23
 Cast: Sandblast         |    18 |    11 ||    29
  Use: Scroll            |       |     4 ||     4
       Potion            |       |     2 ||     2
 Stab: Sleeping          |     1 |     1 ||     2
Armor: Robe              |     8 |    17 ||    25
Dodge: Dodged            |    19 |    64 ||    83
